 Dungeon Crawl Stone Soup version 0.29.0-13-gc9e81de378 (webtiles) character file.

Game seed: 16549770750793058562

9 purpskrrrp the Sneak (level 2, 0/17 HPs)
             Began as a Vampire Brigand on Sept 7, 2022.
             Slain by a goblin
             ... wielding a +0 dagger
              (1 damage)
             ... on level 1 of the Dungeon.
             The game lasted 00:00:56 (299 turns).

purpskrrrp the Sneak (Vampire Brigand)               Turns: 299, Time: 00:00:57

Health: 0/17       AC:  3    Str: 10    XL:     2   Next: 6%
Magic:  2/2        EV: 12    Int: 13    God:
Gold:   49         SH:  0    Dex: 15    Spells: 1/1 levels left

rFire   . . .      SeeInvis +   a - +2 dagger
rCold   + + .      Faith    .   (no shield)
rNeg    + + +      Spirit   .   b - +0 robe
rPois   ∞          Reflect  .   (no helmet)
rElec   .          Harm     .   c - +0 cloak
rCorr   .          Rampage  .   (no gloves)
Will    .....                   (no boots)
Stlth   +++++.....              (no amulet)
HPRegen 0.00/turn               (no ring)
MPRegen 0.08/turn               (no ring)

@: bloodless, inhibited regen
A: bloodless, fangs 3, see invisible, vampiric 1
a: Revivify


You were on level 1 of the Dungeon.
You visited 1 branch of the dungeon, and saw 1 of its levels.

You collected 49 gold pieces.

Inventory:

Hand Weapons
 a - a +2 dagger (weapon)
Missiles
 d - 9 poisoned darts (quivered)
 e - 3 curare-tipped darts
Armour
 b - a +0 robe (worn)
 c - a +0 cloak (worn)
Scrolls
 f - a scroll of torment
Potions
 g - a potion of magic {unknown}


   Skills:
 - Level 1.7 Fighting
 - Level 2.1 Short Blades
 - Level 1.5 Throwing
 - Level 1.1 Dodging
 + Level 6.7 Stealth


You had one spell level left.
You didn't know any spells.
Your spell library was empty.

Dungeon Overview and Level Annotations

Branches:
Dungeon (1/15)

Altars:


Innate Abilities, Weirdness & Mutations

You do not regenerate when monsters are visible.
You are frail without blood (-20% HP).
You can heal yourself when you bite living creatures.
You are immune to poison.
You have razor-sharp teeth.
You have supernaturally acute eyesight. (SInv)
You are afflicted with vampirism.


Message History

The kobold throws a stone.
The stone misses you.
You closely miss the goblin. Your bite misses the goblin.
The bat barely misses you. x2; The goblin closely misses you.
You miss the bat. The bat barely misses you.
The goblin hits you but does no damage.
You hit the bat.
You kill the bat!
The bat barely misses you. The goblin hits you but does no damage.
The kobold throws a stone.
The stone misses you.
You closely miss the ball python. You bite the ball python.
You kill the ball python!
The bat hits you but does no damage. The goblin misses you.
You have reached level 2!
You barely miss the kobold. Your bite misses the kobold.
The bat hits you but does no damage. The goblin hits you with a +0 dagger.
The kobold barely misses you.
You hit the bat but do no damage. The bat barely misses you.
You hit the kobold.
The kobold is heavily wounded.
The bat closely misses you. The kobold hits you with a +0 club.
The goblin hits you with a +0 dagger.
You closely miss the kobold.
The kobold is heavily wounded.
The goblin hits you with a +0 dagger. The kobold barely misses you.
You hit the kobold.
You kill the kobold!
The bat hits you but does no damage. x2; The goblin hits you with a +0 dagger.
* * * LOW HITPOINT WARNING * * *
You closely miss the goblin. The bat barely misses you. x2
The goblin completely misses you.
You hit the goblin.
The goblin is severely wounded.
The bat barely misses you. The goblin hits you with a +0 dagger.
* * * LOW HITPOINT WARNING * * *
Okay, then.
Okay, then.
As you read the scroll labelled TUBABBUSAI, it crumbles to dust.
You feel a surge of unholy energy.
It was a scroll of torment.
The bat barely misses you. The goblin hits you with a +0 dagger.
You die...

.........#.......
#.....
....##...........
#..... .
..##.#..#......
#.....
........)....##
##....
####.##......#
#....
#####.......#.#
#####
#...........# #
.......b##..#
#.#.^##@†.#.# #
#.. #)g.#.# #(
#...#b# # .#.## +
.. ###


You could see a goblin and a bat.

Vanquished Creatures
  An endoplasm (D:1)
  A hobgoblin (D:1)
  A kobold (D:1)
  2 quokkas (D:1)
  2 ball pythons (D:1)
  A bat (D:1)
  A rat (D:1)
9 creatures vanquished.

Notes
Turn   | Place    | Note
-------+----------+-------------------------------------------
     0 | D:1      | purpskrrrp the Vampire Brigand began the quest for the Orb.
     0 | D:1      | Reached XP level 1. HP: 16/16 MP: 1/1
    36 | D:1      | Reached skill level 6 in Stealth
   292 | D:1      | Reached XP level 2. HP: 14/17 MP: 2/2
   299 | D:1      | Slain by a goblin

Illustrated notes

Levels and vault maps discovered:
D:1:      dpeg_arrival_lava_temple_mockup, layout_basic

Skill      XL: |  1 |
---------------+----+-----
Stealth        | 6 |  6.7
Fighting       | |  1.7
Short Blades   | |  2.1
Throwing       | |  1.5
Dodging        | |  1.1

Action                   || total
-------------------------++-------
Melee: Dagger            ||    35
       Bite              ||     2
 Abil: Exsanguinate      ||     1
  Use: Scroll            ||     1
 Stab: Sleeping          ||     1
Armor: Robe              ||    10
Dodge: Dodged            ||    29
